 Dungeon Crawl Stone Soup version 0.18.1-5-g4a78601 (webtiles) character file.

210 Chiseanne the Shield-Bearer (level 6, 0/49 HPs)
             Began as a Formicid Fighter on May 10, 2016.
             Slain by an orc warrior
             ... wielding a +0 halberd
              (9 damage)
             ... on level 6 of the Dungeon.
             The game lasted 00:04:29 (1030 turns).

Chiseanne the Shield-Bearer (Formicid Fighter)      Turns: 1030, Time: 00:04:29

Health: 0/49       AC:  9    Str: 20    XL:     6   Next: 12%
Magic:  6/6        EV:  6    Int:  8    God:
Gold:   89         SH: 10    Dex: 12    Spells: 0 memorised, 5 levels left

rFire  . . .     SeeInvis +     a - +0 war axe
rCold  . . .     Gourm    .     h - +0 chain mail
rNeg   . . .     Faith    .     c - +0 shield
rPois  .         Spirit   .     (helmet unavailable)
rElec  .         Dismiss  .     (no cloak)
rCorr  .         Reflect  .     (no gloves)
SustAt .         Harm     .     (no boots)
MR     .....                    (no amulet)
Stlth  ..........               (no ring)
                                (no ring)

@: vulnerable, not resistant to hostile enchantments, extremely unstealthy
A: permanent stasis, dig shafts and tunnels, four strong arms, antennae 3
a: Dig, Shaft Self


You were on level 6 of the Dungeon.
You were very hungry.

You visited 1 branch of the dungeon, and saw 4 of its levels.
You visited the Abyss 2 times.

You collected 89 gold pieces.

Inventory:

Hand Weapons
 a - a +0 war axe (weapon)
 b - the +2 spear "Doammeuss" {venom, Int+5, unknown}
   (You found it on level 1 of the Abyss)

   It poisons the flesh of those it strikes.
   It affects your intelligence (+5).
Missiles
 i - 53 stones (quivered)
 j - 25 arrows
 m - 8 javelins
 n - 7 tomahawks
 o - 16 bolts
Armour
 c - a +0 shield (worn)
 h - a +0 chain mail (worn)
Jewellery
 k - an uncursed ring of poison resistance {unknown}
Potions
 l - 2 potions of cancellation
Comestibles
 f - 2 bread rations


   Skills:
 * Level 4.5 Fighting
 * Level 3.4 Axes
 * Level 4.2 Armour
 * Level 5.0 Shields


You had 5 spell levels left.
You didn't know any spells.

Dungeon Overview and Level Annotations

Branches:
Dungeon (2/15)

Altars:

Annotations:
D:2 Robin
D:3 Terence


Innate Abilities, Weirdness & Mutations

You are under a permanent stasis effect.
You can dig through walls and to a lower floor.
Your four strong arms can wield two-handed weapons with a shield.
You have a pair of large antennae on your head (SInv).


Message History

You feel sick.
The orc warrior hits you with a halberd!
Drink which item? (? for menu, Esc to quit)
You feel better.
The orc warrior hits you with a halberd!!
You hear a shout!
You closely miss the orc warrior.
The orc warrior hits you with a halberd.
* * * LOW HITPOINT WARNING * * *
You hit the orc warrior but do no damage.
The orc warrior hits you but does no damage.
You hit the orc warrior but do no damage.
The orc warrior hits you with a halberd.
* * * LOW HITPOINT WARNING * * *
You hit the orc warrior but do no damage.
You block the orc warrior's attack. The orc warrior barely misses you.
You hit the orc warrior.
The orc warrior is lightly wounded.
The orc warrior hits you with a halberd!
You die...

#......####
#.........###
#...........###
#.............##
#..............#
##.............#
##.##...........# o
#{#o###.........#
#o.{#{#@#####........
##...#### #######..#
##.. .## #... # #....
#.... ..... .#....


You could see an orc warrior.

Vanquished Creatures
  Sigmund (D:2)
  An adder (D:6)
  A dart slug (D:1)
  A giant cockroach (D:1)
  12 goblins
  7 hobgoblins
  3 jackals (D:1)
  4 kobolds (D:1)
  3 bats (D:1)
  A giant newt (D:1)
  7 rats (D:1)
41 creatures vanquished.

Notes
Turn   | Place    | Note
--------------------------------------------------------------
     0 | D:1      | Chiseanne the Formicid Fighter began the quest for the Orb.
     0 | D:1      | Reached XP level 1. HP: 18/18 MP: 1/1
   119 | D:1      | Reached XP level 2. HP: 24/24 MP: 2/2
   279 | D:1      | Reached skill level 4 in Shields
   280 | D:1      | Reached XP level 3. HP: 20/29 MP: 3/3
   785 | D:2      | Noticed Sigmund
   795 | D:2      | Killed Sigmund
   795 | D:2      | Reached XP level 4. HP: 29/38 MP: 4/4
   795 | D:2      | Reached XP level 5. HP: 33/43 MP: 5/5
   838 | D:2      | Noticed Robin
   844 | D:2      | Reached skill level 5 in Shields
   844 | D:2      | Reached XP level 6. HP: 45/49 MP: 6/6
   859 | D:2      | Cast into level 1 of the Abyss (Robin)
   895 | D:2      | Escaped the Abyss
   916 | D:2      | Cast into level 1 of the Abyss (Robin)
   919 | Abyss:1  | Noticed a quicksilver dragon zombie
   926 | Abyss:1  | Found a corrupted altar of Lugonu.
   970 | Abyss:1  | Got a twisted spear
   972 | Abyss:1  | Noticed a small abomination
   973 | Abyss:1  | Noticed a large abomination
   975 | Abyss:1  | Noticed a worldbinder
   982 | D:2      | Escaped the Abyss
   988 | D:2      | You fall through a shaft!
   990 | D:3      | Noticed Terence
   993 | D:3      | You fall through a shaft for 3 floors!
  1010 | D:6      | Noticed an orc warrior
  1030 | D:6      | Slain by an orc warrior

Skill      XL: |  1  2  3  4  5 |
---------------+----------------+-----
Shields        | 4 5 |  5.0
Fighting       | 4 |  4.5
Axes           | 3 |  3.4
Armour         | 4 |  4.2

Action                   |  1- 3 |  4- 6 || total
-------------------------+-------+-------++-------
Melee: War axe           |    64 |    51 ||   115
 Abil: Dig               |     3 |     6 ||     9
       Shaft Self        |       |     2 ||     2
  Use: Potion            |     1 |     5 ||     6
       Scroll            |       |     3 ||     3
  Eat: Chunk             |       |     1 ||     1
Armor: Chain mail        |    54 |    36 ||    90
Dodge: Dodged            |    16 |    12 ||    28
Block: Shield            |    37 |    34 ||    71
